 Dungeon Crawl Stone Soup version 0.19.0 (webtiles) character file.

165 Buncs the Sneak (level 5, 0/36 HPs)
             Began as an Octopode Assassin on Nov 10, 2016.
             Slain by Edmund
             ... wielding a +3 dire flail of protection
              (11 damage)
             ... on level 4 of the Dungeon.
             The game lasted 00:13:39 (3511 turns).

Buncs the Sneak (Octopode Assassin)                 Turns: 3511, Time: 00:13:40

Health: 0/36       AC:  1    Str: 10    XL:     5   Next: 46%
Magic:  5/5        EV: 14    Int: 14    God:
Gold:   30         SH:  0    Dex: 14    Spells: 2 memorised, 2 levels left

rFire  . . .     SeeInvis .     a - +2 dagger
rCold  . . .     Gourm    .     (no shield)
rNeg   . . .     Faith    .     (helmet restricted)
rPois  .         Spirit   .     (no amulet)
rElec  .         Reflect  .     q - +2 ring of slaying
rCorr  .         Harm     .     v - ring of protection from magic
MR     +....                    (no ring)
Stlth  ++++......               (no ring)
                                (no ring)
                                (no ring)
                                (no ring)
                                (no ring)

@: about to teleport, very slightly contaminated
A: almost no armour, stealthy swim, amphibious, 8 rings, constrict 8, camouflage
1, gelatinous body 1
a: no special abilities


You were on level 4 of the Dungeon.
You were not hungry.

You visited 1 branch of the dungeon, and saw 4 of its levels.

You collected 230 gold pieces.
You spent 200 gold pieces at shops.

Inventory:

Hand Weapons
 a - a +2 dagger (weapon)
 b - a +0 blowgun
 k - a cursed +0 spear
 s - a +0 dire flail of protection
 u - a +1 dagger of venom
 x - a +0 blowgun
 C - a +1 flail of crushing
Missiles
 c - 30 poisoned needles
 d - 2 curare-tipped needles
 A - 4 steel tomahawks (quivered)
Armour
 B - a +0 pair of gloves
Jewellery
 q - a +2 ring of slaying (left tentacle)
 v - a ring of protection from magic (right tentacle)
Scrolls
 l - 2 scrolls of identify
 y - a scroll of amnesia
 z - a scroll of recharging
Potions
 f - 2 potions of flight {unknown}
 g - a potion of invisibility {unknown}
 h - a potion of mutation {unknown}
 i - a potion of ambrosia {unknown}
 p - 2 potions of might {unknown}
 r - a potion of berserk rage {unknown}
 t - a potion of brilliance {unknown}
Books
 D - a book of Cantrips

   Spells                             Type                      Level
   a - Confusing Touch                Hexes                        1
   b - Animate Skeleton               Necromancy                   1
   c - Summon Small Mammal            Summoning                    1
   d - Apportation                    Translocation                1
Comestibles
 j - a slice of pizza
 m - a bread ration
 n - 2 beef jerkies
 o - a meat ration


   Skills:
 * Level 3.0 Fighting
 * Level 3.6 Short Blades
 - Level 2.0 Throwing
 * Level 2.4 Dodging
 * Level 6.2 Stealth


You had 2 spell levels left.
You knew the following spells:

 Your Spells              Type           Power        Failure   Level  Hunger
a - Summon Small Mammal   Summ           #...         30%         1    ##.....
b - Confusing Touch       Hex            #.....       30%         1    ##.....


Dungeon Overview and Level Annotations

Branches:
Dungeon (4/15)
 Temple: D:4-7

Altars:

Shops:
D:4 !**

Annotations:
D:4 Edmund


Innate Abilities, Weirdness & Mutations

You cannot wear most types of armour.
You are very stealthy in the water. (Stealth+)
You are amphibious.
You can wear up to eight rings at the same time.
You can use your tentacles to constrict eight enemies at once.
Your skin changes colour to match your surroundings (Stealth+).
Your rubbery body absorbs attacks. (AC +1, EV +1)


Message History

Nothing appears to happen.
Your bat barely misses Edmund.
Edmund hits you with a dire flail of protection!
* * * LOW HITPOINT WARNING * * *
Your bat hits Edmund but does no damage.
Your bat closely misses Edmund.
Your bat barely misses Edmund.
Your bat barely misses Edmund.
Your bat hits Edmund but does no damage.
Your bat barely misses Edmund.
Your bat hits Edmund but does no damage.
Your bat closely misses Edmund.
Your bat hits Edmund but does no damage.
Your bat barely misses Edmund.
Your bat hits Edmund but does no damage.
Your bat disappears in a puff of smoke!
Found a stone staircase leading down.
As you read the scroll of teleportation, it crumbles to dust.
You feel strangely unstable.
Edmund hits you with a dire flail of protection!
You die...

#.#..............#
#.####...........# #.#
##.......... #.#
#......... #.#
#......... #.#
#........# #####.#####
##.......# #....@....#
##........
#....@....###..#......
#.......>.#...##......
#.........#.######....
###########.# #....
#.# #.... #.# #....
#.## #.... #..### #...
##...####...


You could see Edmund.

Vanquished Creatures
  4 gnolls (D:2)
  4 adders
  An ooze (D:3)
  3 worms
  3 dart slugs
  2 leopard geckos
  5 orcs
  2 ball pythons
  4 giant cockroaches
  2 goblins (D:2)
  9 hobgoblins
  5 jackals (D:1)
  7 kobolds
  4 bats (D:1)
  A frilled lizard (D:3)
  11 rats
  A plant (D:3)
68 creatures vanquished.

Notes
Turn   | Place    | Note
-------+----------+-------------------------------------------
     0 | D:1      | Buncs the Octopode Assassin began the quest for the Orb.
     0 | D:1      | Reached XP level 1. HP: 14/14 MP: 1/1
    62 | D:1      | Reached XP level 2. HP: 11/19 MP: 2/2
   942 | D:1      | Reached XP level 3. HP: 24/24 MP: 3/3
  1558 | D:2      | Reached XP level 4. HP: 25/30 MP: 4/4
  1918 | D:2      | Reached skill level 6 in Stealth
  2233 | D:2      | Reached XP level 5. HP: 36/36 MP: 5/5
  3369 | D:4      | Found Vaunil's General Store.
  3372 | D:4      | Found Pokloxed's General Store.
  3435 | D:4      | Bought a book of Cantrips for 200 gold pieces
  3437 | D:4      | Learned a level 1 spell: Summon Small Mammal
  3439 | D:4      | Learned a level 1 spell: Confusing Touch
  3450 | D:4      | Found Deig's Distillery.
  3473 | D:4      | Noticed Edmund
  3511 | D:4      | Slain by Edmund

Skill      XL: |  1  2  3  4 |
---------------+-------------+-----
Short Blades   | 3 |  3.6
Stealth        | 6 |  6.2
Fighting       | 3 |  3.0
Dodging        | 2 |  2.4
Throwing       | |  2.0

Action                   |  1- 3 |  4- 6 || total
-------------------------+-------+-------++-------
Melee: Dagger            |    72 |    92 ||   164
       Constrict         |    15 |    17 ||    32
       Tentacles         |    12 |    17 ||    29
 Cast: Summon Small Mamm |       |     1 ||     1
  Use: Scroll            |     2 |     7 ||     9
       Potion            |       |     1 ||     1
 Stab: Sleeping          |    11 |     7 ||    18
  Eat: Bread ration      |     1 |       ||     1
       Royal jelly       |     1 |       ||     1
       Meat ration       |       |     1 ||     1
Armor: Skin              |     8 |     1 ||     9
Dodge: Dodged            |    46 |    37 ||    83
